 Dungeon Crawl Stone Soup version 0.24.0-37-gcf1ca852f1 (webtiles) character file.

Game seed: 1237202002820403673, levelgen mode: deterministic

95 NochnoyZador the Slasher (level 4, -5/49 HPs)
             Began as a Merfolk Gladiator on Nov 23, 2019.
             Was an Initiate of Okawaru.
             Slain by a crocodile (7 damage)
             ... in a sewer.
             The game lasted 00:13:36 (1642 turns).

NochnoyZador the Slasher (Merfolk Gladiator)        Turns: 1642, Time: 00:13:36

Health: -5/49      AC: 22    Str: 18    XL:     4   Next: 66%
Magic:  4/4        EV:  2    Int:  7    God:    Okawaru [......]
Gold:   134        SH:  0    Dex: 16    Spells: 3/3 levels left

rFire    . . .     SeeInvis .   a - +0 long sword
rCold    . . .     Gourm    .   (no shield)
rNeg     + + +     Faith    .   (armour currently unavailable)
rPois    +         Spirit   .   (helmet currently unavailable)
rElec    .         Reflect  .   (cloak currently unavailable)
rCorr    .         Harm     .   (gloves currently unavailable)
MR       .....     NoTele   +   (boots currently unavailable)
Stlth    +.........             (no amulet)
HPRegen  0.16/turn              u - +4 ring of strength
MPRegen  0.09/turn              (no ring)

@: tree-form (expiring)
A: (change form in water), (swift swim), (stealthy swim)
a: Renounce Religion


You were in a sewer.
You worshipped Okawaru.
Okawaru was noncommittal.
You were not hungry.
You were a tree.
You visited 1 branch of the dungeon, and saw 3 of its levels.
You also visited: Sewer.

You collected 134 gold pieces.

Inventory:

Hand Weapons
 a - a +0 long sword (weapon)
Missiles
 d - 3 throwing nets
 e - 94 stones (quivered)
 n - 43 poisoned darts
 p - 56 arrows
Armour
 b - a +0 leather armour (melded)
 c - a +0 helmet (melded)
Jewellery
 u - a +4 ring of strength (left branch)
Wands
 v - a wand of acid (10)
Scrolls
 g - 2 scrolls of remove curse {unknown}
 i - 3 scrolls of amnesia {unknown}
 k - a scroll of teleportation {unknown}
 l - 2 scrolls of identify
 m - 3 scrolls of magic mapping {unknown}
 r - a scroll of fear {unknown}
 w - a scroll of enchant armour {unknown}
 x - 2 scrolls of enchant weapon {unknown}
 y - a scroll of immolation {unknown}
Potions
 h - a potion of lignification
 j - a potion of flight {unknown}
 q - a potion of brilliance {unknown}
 s - a potion of mutation {unknown}
 t - a potion of curing {unknown}
 z - a potion of resistance {unknown}
 A - a potion of berserk rage {unknown}
Comestibles
 f - 5 rations
 o - 2 chunks of flesh


   Skills:
 - Level 2.1 Fighting
 + Level 5.8 Long Blades
 - Level 2.0 Throwing
 - Level 4.0 Dodging


You had 3 spell levels left.
You didn't know any spells.
Your spell library contained the following spells:

 Spells                   Type           Power        Failure   Level  Hunger
 Beastly Appendage        Tmut           #.....       43%         1    ##.....
 Sticks to Snakes         Tmut           #.......     56%         2    ###....
 Spider Form              Tmut/Pois      #.........   80%         3    ####...
 Ice Form                 Ice/Tmut       #.......     99%         4    #####..
 Blade Hands              Tmut           #.........   100%        5    ######.


Dungeon Overview and Level Annotations

Branches:
Dungeon (3/15)              Sewer (1/1)

Altars:
Gozag
Nemelex Xobeh
Okawaru
Trog
Yredelemnul

Annotations:
D:3 2 transporters


Message History

The crocodile bites you.
* * * LOW HITPOINT WARNING * * *
You hit the crocodile but do no damage.
The crocodile is heavily wounded.
The crocodile bites you but does no damage.
You hit the crocodile.
The crocodile is heavily wounded.
Your transformation is almost over.
The crocodile bites you.
* * * LOW HITPOINT WARNING * * *
You hit the crocodile but do no damage.
The crocodile is heavily wounded.
The crocodile bites you but does no damage. x2
You hit the crocodile but do no damage.
The crocodile is heavily wounded.
The crocodile bites you but does no damage.
You barely miss the crocodile.
The crocodile is heavily wounded.
The crocodile bites you!
You die...

.
....#############
(..(((..........∩
....####.########
. #t# #♣# #.# #.#
#.# ##.## ##...##
##.....##
#...≈...#
#..≈≈≈..#


You could see a crocodile.

Vanquished Creatures
  An adder (D:2)
  An ooze (D:2)
  A worm (D:3)
  A dart slug (D:1)
  3 leopard geckos (D:3)
  15 bats
  A giant cockroach (D:3)
  2 gnoll zombies (D:3)
  6 goblins
  8 hobgoblins
  10 jackals
  8 kobolds
  8 rats
65 creatures vanquished.

Notes
Turn   | Place    | Note
-------+----------+-------------------------------------------
     0 | D:1      | NochnoyZador the Merfolk Gladiator began the quest for the
                  | Orb.
     0 | D:1      | Reached XP level 1. HP: 16/16 MP: 1/1
    39 | D:1      | Reached XP level 2. HP: 9/22 MP: 2/2
    45 | D:1      | Reached skill level 4 in Long Blades
   378 | D:1      | Reached XP level 3. HP: 19/27 MP: 3/3
   767 | D:2      | Reached skill level 5 in Long Blades
   840 | D:2      | Found an iron altar of Okawaru.
   919 | D:2      | Became a worshipper of Warmaster Okawaru
   979 | D:2      | Reached XP level 4. HP: 33/33 MP: 4/4
   981 | D:2      | Found a bloodstained altar of Trog.
  1199 | D:3      | Found a transporter.
  1207 | D:3      | Noticed a kobold demonologist
  1374 | D:3      | Found an opulent altar of Gozag.
  1383 | D:3      | Found a transporter.
  1417 | D:3      | Found a basalt altar of Yredelemnul.
  1464 | D:3      | Found a sparkling altar of Nemelex Xobeh.
  1577 | D:3      | Found a glowing drain.
  1586 | Sewer    | Entered a sewer
  1620 | Sewer    | Noticed a crocodile
  1639 | Sewer    | HP: 2/49 [crocodile (2)]
  1642 | Sewer    | Slain by a crocodile

Levels and vault maps discovered:
D:1:      saegor_arrival_simple_c, layout_rooms
D:2:      layout_rooms, okawaru_metal_pillars_1_2, first_ration,
          trog_three_pillars_becter
D:3:      gammafunk_wand_slinger, layout_loops_ring,
          lemuel_coloured_pillars_altar, xom_teletrap_fun, lemuel_crystal_altar,
          lemuel_zombie_altar_yredelemnul, nemelex_xobeh_ov_fountains_minmay,
          portal_sewer_entry_f, nemelex_diamond_rough_becter
Sewer:    sewer_big_baddie

Skill      XL: |  1  2  3 |
---------------+----------+-----
Long Blades    | 4 5 |  5.8
Fighting       | |  2.1
Throwing       | |  2.0
Dodging        | |  4.0

Action                   |  1- 3 |  4- 6 || total
-------------------------+-------+-------++-------
Melee: Long sword        |    64 |    75 ||   139
Throw: Stone             |    47 |    18 ||    65
  Use: Scroll            |       |     1 ||     1
       Potion            |       |     1 ||     1
  Eat: Chunk             |       |     3 ||     3
Armor: Leather armour    |    26 |    27 ||    53
       Skin              |       |     8 ||     8
Dodge: Dodged            |    68 |    69 ||   137
       Rpst.: Long sword |    24 |    23 ||    47
